 Dungeon Crawl Stone Soup version 0.25-a0-108-gda8bd6cf83 (webtiles) character file.

Game seed: 4859570762939043342, levelgen mode: deterministic

211718 MrRokkomies the Unseen (level 18, -4/134 HPs)
             Began as a Vampire Enchanter on Nov 17, 2019.
             Was a High Priest of Sif Muna.
             Slain by a seven-headed hydra simulacrum (6 damage)
             ... on level 4 of the Swamp on Nov 18, 2019.
             The game lasted 03:17:14 (40273 turns).

MrRokkomies the Unseen (Vampire Enchanter)         Turns: 40273, Time: 03:17:14

Health: -4/134     AC: 14    Str:  8    XL:     18   Next: 60%
Magic:  30/30      EV: 20    Int: 20    God:    Sif Muna [*****.]
Gold:   2132       SH:  0    Dex: 14    Spells: 5/33 levels left

rFire    . . .     SeeInvis +   a - +2 short sword (elec)
rCold    + + +     Gourm    .   (no shield)
rNeg     + . .     Faith    .   L - +3 leather armour {rF+}
rPois    +         Spirit   .   P - +2 hat
rElec    +         Reflect  .   j - +2 cloak {+Inv}
rCorr    .         Harm     .   (no gloves)
MR       +++++     Clarity  +   R - +2 pair of boots {run}
Stlth    +++.......             I - amulet of the Four Winds {rN+ MR+++ Clar}
HPRegen  0.52/turn              N - ring "Bykalegh" {Ice rElec}
MPRegen  0.22/turn              w - ring of Makhleb's Reproof {rPois rC++ MR++ Int-5}

@: very slightly contaminated, regenerating quickly, studying Translocations,
invisible, very slow
A: no food, fangs 3, see invisible, unbreathing
a: Exsanguinate, Channel Magic, Forget Spell, Divine Exegesis, Renounce Religion


You were on level 4 of the Swamp.
You worshipped Sif Muna.
Sif Muna was extremely pleased with you.
You were alive.

You visited 6 branches of the dungeon, and saw 31 of its levels.
You also visited: Bailey, Gauntlet and Volcano.

You collected 3334 gold pieces.
You spent 1202 gold pieces at shops.

Inventory:

Hand Weapons
 a - a +2 short sword of electrocution (weapon)
 Z - a +5 demon whip of flaming
Missiles
 d - 30 poisoned darts (quivered)
 z - 24 javelins
 O - 15 curare-tipped darts
 W - 2 throwing nets
Armour
 i - a scarf of repulsion
 j - a +2 cloak of invisibility (worn)
 L - a +3 leather armour of fire resistance (worn)
 P - a +2 hat (worn)
 R - a +2 pair of boots of running (worn)
Jewellery
 h - a +4 ring of evasion
 w - the ring of Makhleb's Reproof (right hand) {rPois rC++ MR++ Int-5}
   (You found it on level 5 of the Dungeon)

   [ring of poison resistance]

   It affects your intelligence (-5).
   It greatly protects you from cold.
   It protects you from poison.
   It affects your resistance to hostile enchantments.
 I - the amulet of the Four Winds (around neck) {rN+ MR+++ Clar}
   (You bought it in a shop on level 7 of the Dungeon)

   [amulet of nothing]

   It protects you from negative energy.
   It affects your resistance to hostile enchantments.
   It protects you against confusion.
 M - an uncursed ring of wizardry
 N - the ring "Bykalegh" (left hand) {Ice rElec}
   (You found it on level 3 of the Lair of Beasts)

   [ring of ice]

   It enhances your ice magic.
   It makes you vulnerable to fire.
   It protects you from cold.
   It insulates you from electricity.
 V - an uncursed ring of resist corrosion
 X - the ring "Zoopow" {rC+ Dex+4}
   (You found it in a Gauntlet)

   [ring of protection from cold]

   It affects your dexterity (+4).
   It protects you from cold.
Wands
 b - a wand of paralysis (13)
 v - a wand of acid (12)
 y - a wand of clouds (2)
 J - a wand of iceblast (32)
 Q - a wand of disintegration (73)
 U - a wand of scattershot (3)
 Y - a wand of flame (54)
Scrolls
 p - 3 scrolls of immolation
 r - 10 scrolls of identify
 x - 2 scrolls of enchant weapon
 A - 2 scrolls of fog
 D - 11 scrolls of magic mapping
 E - 7 scrolls of teleportation
 G - 2 scrolls of blinking
 H - 11 scrolls of remove curse
 K - 2 scrolls of summoning
 S - 2 scrolls of amnesia
 T - a scroll of fear
Potions
 e - 7 potions of haste
 f - 4 potions of resistance
 g - 5 potions of berserk rage
 l - 2 potions of invisibility
 m - 4 potions of might
 n - 3 potions of magic
 q - 9 potions of curing
 s - 4 potions of flight
 u - 8 potions of brilliance
 B - 2 potions of agility
 F - 2 potions of lignification
Books
 t - a manual of Translocations
Miscellaneous
 c - a sack of spiders
 k - a lamp of fire
 C - a phial of floods


   Skills:
 - Level 10.0 Fighting
 - Level 12.0 Short Blades
 * Level 2.4 Maces & Flails
 - Level 13.2 Dodging
 + Level 17.2 Stealth
 * Level 8.2 Spellcasting
 - Level 16.9 Hexes
 - Level 10.6 Summonings
 - Level 3.0 Translocations
 - Level 12.0 Invocations
 - Level 8.0 Evocations


You had 5 spell levels left.
You knew the following spells:

 Your Spells              Type           Power        Failure   Level  Hunger
a - Summon Lightning Spi  Summ/Air       ####....     14%         4    N/A
b - Ensorcelled Hibernat  Hex/Ice        ######       1%          2    N/A
c - Confuse               Hex            ######..     1%          3    N/A
d - Tukima's Dance        Hex            ######..     1%          3    N/A
e - Summon Mana Viper     Hex/Summ       ######..     1%          5    N/A
f - Discord               Hex            ######....   61%         8    N/A
g - Blink                 Tloc           N/A          5%          2    N/A
h - Summon Butterflies    Summ           ######..     1%          1    N/A

Your spell library contained the following spells:

 Spells                   Type           Power        Failure   Level  Hunger
 Corona                   Hex            ######.      0%          1    N/A
 Summon Small Mammal      Summ           ####         1%          1    N/A
 Call Canine Familiar     Summ           ######..     1%          3    N/A
 Dazzling Spray           Conj/Hex       #####.       1%          3    N/A
 Inner Flame              Hex/Fire       #####...     1%          3    N/A
 Portal Projectile        Hex/Tloc       #####.       1%          3    N/A
 Cause Fear               Hex            ######....   1%          4    N/A
 Recall                   Summ/Tloc      N/A          2%          3    N/A
 Leda's Liquefaction      Hex/Erth       #####.....   3%          4    N/A
 Aura of Abjuration       Summ           ######....   4%          5    N/A
 Summon Demon             Summ           ######....   4%          5    N/A
 Lesser Beckoning         Tloc           ###.......   11%         3    N/A
 Metabolic Englaciation   Hex/Ice        ######....   11%         5    N/A
 Silence                  Hex/Air        #####.....   11%         5    N/A
 Freeze                   Ice            ##..         12%         1    N/A
 Shock                    Conj/Air       #...         12%         1    N/A
 Summon Ice Beast         Ice/Summ       #####...     14%         4    N/A
 Sublimation of Blood     Necr           #.........   19%         2    N/A
 Swiftness                Chrm/Air       #.......     19%         2    N/A
 Throw Frost              Conj/Ice       ##....       19%         2    N/A
 Summon Forest            Summ/Tloc      #####.....   21%         5    N/A
 Passage of Golubria      Tloc           N/A          34%         4    N/A
 Ignite Poison            Fire/Tmut/Pois #.......     36%         3    N/A
 Ozocubu's Armour         Chrm/Ice       ##......     36%         3    N/A
 Static Discharge         Conj/Air       #.......     36%         3    N/A
 Stone Arrow              Conj/Erth      #.....       36%         3    N/A
 Airstrike                Air            #.........   77%         4    N/A
 Ice Form                 Ice/Tmut       ##......     77%         4    N/A
 Petrify                  Tmut/Erth      #.......     77%         4    N/A
 Sticky Flame             Conj/Fire      #.......     77%         4    N/A
 Throw Icicle             Conj/Ice       ##......     77%         4    N/A
 Alistair's Intoxication  Tmut/Pois      #.......     98%         5    N/A
 Irradiate                Conj/Tmut      #.........   98%         5    N/A
 Iskenderun's Battlesphe  Conj/Chrm      #.......     98%         5    N/A
 Lee's Rapid Deconstruct  Erth           #.........   98%         5    N/A
 Lightning Bolt           Conj/Air       #.........   98%         5    N/A
 Venom Bolt               Conj/Pois      #.........   98%         5    N/A
 Darkness                 Hex            ######....   1%          6    N/A
 Shadow Creatures         Summ           N/A          22%         6    N/A
 Monstrous Menagerie      Summ           ######....   77%         7    N/A
 Malign Gateway           Summ/Tloc      #####.....   99%         7    N/A
 Bolt of Fire             Conj/Fire      #.........   100%        6    N/A
 Conjure Ball Lightning   Conj/Air       #.........   100%        6    N/A
 Deflect Missiles         Chrm/Air       #.........   100%        6    N/A
 Freezing Cloud           Conj/Ice/Air   ##........   100%        6    N/A
 Poison Arrow             Conj/Pois      #.........   100%        6    N/A
 Statue Form              Tmut/Erth      #........    100%        6    N/A
 Dragon's Call            Summ           ######....   100%        9    N/A
 Tornado                  Air            #.........   100%        9    N/A

Dungeon Overview and Level Annotations

Branches:
Dungeon (15/15)            Temple (1/1) D:7            Lair (6/6) D:10
  Swamp (4/4) Lair:3       Spider (3/4) Lair:2        Slime (0/5) Lair:6
    Orc (2/2) D:12            Elf (0/3) Orc:2        Vaults (0/5) D:14
 Depths (0/5) D:15         Bailey (visited)         Volcano (visited)
Gauntlet (visited)

Altars:
Ashenzari
Cheibriados
Dithmenos
Elyvilon
Fedhas
Gozag
Hepliaklqana
Kikubaaqudgha
Makhleb
Nemelex Xobeh
Okawaru
Qazlal
Ru
Sif Muna
Trog
Uskayaw
Vehumet
Wu Jian
Xom
Yredelemnul
Zin
The Shining One
Beogh
Jiyva

Shops:
D:4 %   D:6 =   D:7 !(==   D:9 }   D:10 %   D:15 *   Orc:2 (?}[

Annotations:
Lair:5 Rupert
Lair:6 exclusion: oklob plant


Innate Abilities, Weirdness & Mutations

You do not eat.
Your natural rate of healing is unusually fast.
You have razor-sharp teeth.
You have supernaturally acute eyesight. (SInv)
You can survive without breathing.


Message History

You resist.
* * * LOW HITPOINT WARNING * * *
The seven-headed hydra simulacrum closely misses you.
The seven-headed hydra simulacrum bites you.
* * * LOW HITPOINT WARNING * * *
The seven-headed hydra simulacrum freezes you.
You resist.
* * * LOW HITPOINT WARNING * * *
The seven-headed hydra simulacrum bites you.
* * * LOW HITPOINT WARNING * * *
The seven-headed hydra simulacrum freezes you.
You resist.
* * * LOW HITPOINT WARNING * * *
The seven-headed hydra simulacrum closely misses you.
The seven-headed hydra simulacrum misses you.
The seven-headed hydra simulacrum bites you.
* * * LOW HITPOINT WARNING * * *
The seven-headed hydra simulacrum freezes you.
You resist.
You die... 7777777777 777777777

77.......≈777777777≈.≈≈..≈7
77.≈≈......≈77.≈77....≈≈≈..777
7≈≈≈≈........7≈≈.≈≈...≈≈...≈..
7≈............≈≈§.D≈..≈≈≈.≈...
777..≈≈..7777.≈≈≈≈...≈≈≈....§≈≈.
77≈..≈≈≈.≈7
77.≈≈≈≈≈≈...≈....≈≈≈≈
7...≈≈≈≈.77
7≈≈≈Z..≈≈≈≈.7.≈..≈≈≈≈ ..≈≈≈≈≈≈≈7
77.≈@≈<≈≈≈≈.7≈...≈≈≈≈ ≈.÷≈≈≈≈≈≈7
777≈≈.≈≈≈≈≈77777...≈ 777≈≈≈≈.77
7777..≈≈≈≈≈7 7....
777.≈≈.7777777 77777777≈ 7777.
7...≈..777.≈.7777 77
7..≈≈≈≈77≈≈≈≈...777 7
7.≈≈≈≈≈≈7.≈≈≈.≈≈..7 7
7≈≈≈≈7.≈≈≈≈≈.≈≈≈≈.7 ...77
.≈≈...≈≈≈≈≈≈.≈≈≈..777 7≈...


You could see an ice dragon and a seven-headed hydra simulacrum.

Vanquished Creatures
  Arachne (Spider:3)
  Asterion (Spider:3)
  2 thorn hunters (Swamp:4)
  Donald (Spider:1)
  An emperor scorpion (Spider:2)
  A ghost moth (Spider:3)
  Aizul (Spider:1)
  A spark wasp (Spider:3)
  A minotaur (Gauntlet)
  Azrael (D:14)
  Josephine (D:15)
  A fire dragon (Lair:6)
  A vault guard (D:14)
  3 ogre magi
  16 hydras
  An ice dragon (Swamp:4)
  A catoblepas (Lair:6)
  A ghost crab (Gauntlet)
  3 shambling mangroves
  9 two-headed ogres
  4 centaur warriors
  12 alligators
  A death scarab (Gauntlet)
  A hell hog (Volcano)
  An orc high priest (Orc:1)
  A vampire mage (D:15)
  A fire crab (Volcano)
  21 slime creatures
  2 deep trolls
  7 skeletal warriors
  An unseen horror (shapeshifter) (D:15)
  4 unseen horrors
  4 swamp dragons
  A wizard (D:14)
  8 orb spiders
  A lindwurm (Lair:6)
  2 wolf spider zombies (D:13)
  A deep elf mage (D:14)
  2 orc knights
  5 ugly things
  14 wolf spiders
  4 manticores
  9 cyclopes
  3 moths of wrath
  A fire giant skeleton (D:15)
  An ice statue (Lair:3)
  Joseph (D:8)
  A gargoyle (D:14)
  Maurice (D:8)
  6 elephants (Lair:5)
  9 black mambas
  5 molten gargoyles
  2 spriggan zombies (D:15)
  19 spiny frogs
  A torpor snail (Spider:3)
  A kobold demonologist (D:13)
  14 komodo dragons
  4 freezing wraiths (Swamp:4)
  5 demonic crawlers
  2 rime drakes (Lair:6)
  2 tengu conjurers
  9 tyrant leeches
  3 meliai (D:15)
  12 trolls
  Prince Ribbit (D:6)
  18 jumping spiders
  10 hornets
  4 polar bears
  9 bog bodies
  11 blink frogs
  10 dream sheep
  38 redbacks
  A spriggan skeleton (D:15)
  13 hippogriffs
  4 shadows
  6 spriggans
  15 tarantellas
  2 vampires
  4 wraiths (D:15)
  4 fire bats (Volcano)
  Eustachio (D:6)
  3 basilisks
  2 fire elementals (D:14)
  A human (shapeshifter) (D:15)
  5 wyverns
  24 yaks
  6 humans (D:14)
  8 vampire mosquitoes
  4 steam dragons
  A hungry ghost (D:14)
  5 swamp worm simulacra (Swamp:4)
  A spectral komodo dragon (Gauntlet)
  17 swamp worms
  5 wargs
  22 insubstantial wisps
  10 water moccasins
  9 hydra simulacra (Swamp:4)
  3 porcupines
  Duvessa (D:7)
  10 hell hounds
  3 black bears
  16 orc warriors
  5 swamp drakes
  An eye of draining (D:12)
  10 ice beasts
  2 sky beasts
  A necrophage (D:11)
  4 phantoms
  20 wolves
  17 centaurs
  27 ogres
  11 crocodiles
  19 bullfrogs
  10 big kobolds
  A gnoll sergeant (D:7)
  Dowan (D:7)
  3 scorpions
  9 killer bees
  5 howler monkeys
  6 electric eels
  6 crimson imps
  2 bullfrog zombies
  4 centaur zombies
  6 lava snakes
  A water moccasin simulacrum (D:9)
  14 orc wizards
  7 orc priests
  9 hounds
  5 centaur skeletons
  4 iguanas
  9 worker ants
  A killer bee zombie (D:7)
  2 worker ant zombies
  20 gnolls
  3 howler monkey skeletons
  12 adders
  4 shadow imps
  2 white imps (D:9)
  3 swamp drake simulacra (Swamp:4)
  An adder skeleton (D:8)
  A worm (D:4)
  2 dart slugs
  3 leopard geckos
  38 orcs
  2 ball pythons
  4 bats
  3 giant cockroaches
  8 goblins
  4 hobgoblins
  3 jackals
  25 kobolds
  4 quokkas
  7 frilled lizards
  A giant cockroach zombie (D:5)
  A jackal zombie (D:6)
  A quokka skeleton (D:6)
  2 quokka zombies
  5 rats
  A plant (Lair:6)
946 creatures vanquished.

Vanquished Creatures (collateral kills)
  A vault guard (D:14)
  4 two-headed ogres
  3 spriggan druids
  A necromancer (D:15)
  An ice devil (Lair:3)
  A shadow (Swamp:4)
  3 humans (D:14)
  An insubstantial wisp (Swamp:2)
  2 swamp worms
  A swamp drake (Swamp:4)
  8 orc warriors
  8 ogres
  2 centaurs (D:15)
  A gnoll sergeant (D:12)
  2 bullfrogs
  3 orc priests (D:13)
  A hound skeleton (D:10)
  17 orcs
60 creatures vanquished.

Vanquished Creatures (others)
  A wizard (D:6)
  3 dancing weapons
  A human (D:14)
  A wraith (D:15)
  6 insubstantial wisps (Swamp:4)
  An orc (Orc:1)
  17 fungi
  20 plants
  6 withered plants
56 creatures vanquished.

Grand Total: 1062 creatures vanquished

Notes
Turn   | Place    | Note
-------+----------+-------------------------------------------
     0 | D:1      | MrRokkomies the Vampire Enchanter began the quest for the
                  | Orb.
     0 | D:1      | Reached XP level 1. HP: 13/13 MP: 3/3
   281 | D:1      | Reached XP level 2. HP: 18/19 MP: 5/5
   287 | D:1      | Learned a level 2 spell: Ensorcelled Hibernation
   615 | D:1      | Reached skill level 5 in Hexes
  1056 | D:2      | Reached XP level 3. HP: 24/24 MP: 6/6
  1061 | D:2      | Learned a level 3 spell: Confuse
  1402 | D:3      | Reached skill level 5 in Stealth
  1771 | D:3      | Reached XP level 4. HP: 19/30 MP: 7/7
  2106 | D:3      | Reached XP level 5. HP: 35/35 MP: 8/8
  2718 | D:4      | Noticed a phantom
  2728 | D:4      | Killed a phantom
  2728 | D:4      | Reached skill level 6 in Stealth
  2728 | D:4      | Reached XP level 6. HP: 38/41 MP: 5/9
  2747 | D:4      | Found Yschireu's Food Emporium.
  2775 | D:4      | Found a blossoming altar of Fedhas.
  3242 | D:4      | Found a stormy altar of Qazlal.
  3284 | D:5      | Entered Level 5 of the Dungeon
  3370 | D:5      | Reached skill level 5 in Short Blades
  3411 | D:5      | Reached XP level 7. HP: 46/46 MP: 10/10
  3453 | D:5      | Noticed a hippogriff
  3455 | D:5      | Noticed a wyvern
  3456 | D:5      | Killed a hippogriff
  3456 | D:5      | Reached skill level 7 in Stealth
  3466 | D:5      | Killed a wyvern
  3592 | D:5      | Learned a level 3 spell: Tukima's Dance
  3614 | D:5      | Reached XP level 8. HP: 40/52 MP: 11/11
  3622 | D:5      | Got a fine copper ring
  3623 | D:5      | Identified the ring of Makhleb's Reproof {rPois rC++ MR++
                  | Int-5} (You found it on level 5 of the Dungeon)
  3864 | D:5      | Found a glowing golden altar of the Shining One.
  3866 | D:5      | Reached skill level 8 in Stealth
  3934 | D:5      | Found a shadowy altar of Dithmenos.
  4023 | D:6      | Reached skill level 10 in Hexes
  4030 | D:6      | Noticed Eustachio
  4043 | D:6      | Killed Eustachio
  4050 | D:6      | Noticed Prince Ribbit
  4076 | D:6      | Killed Prince Ribbit
  4117 | D:6      | Reached skill level 9 in Stealth
  4376 | D:6      | Found Diuhomuf's Jewellery Boutique.
  4435 | D:6      | Reached XP level 9. HP: 35/57 MP: 12/12
  4629 | D:6      | Found a bloodstained altar of Trog.
  4636 | D:6      | Found a bloodstained altar of Trog.
  4679 | D:6      | Noticed a wizard
  4685 | D:6      | Killed a wizard
  4824 | D:7      | Found Ovven's Distillery.
  4944 | D:7      | Reached skill level 10 in Stealth
  4954 | D:7      | Found Pymeh's Jewellery Shoppe.
  4975 | D:7      | Found Iboxeg's Jewellery Emporium.
  4981 | D:7      | Found an iron altar of Okawaru.
  5044 | D:7      | Got a pair of steaming boots
  5050 | D:7      | Identified the +0 pair of boots of Lugonu {rElec rCorr
                  | Str+4 Int-3} (You found it on level 7 of the Dungeon)
  5073 | D:7      | Found a staircase to the Ecumenical Temple.
  5084 | Temple   | Entered the Ecumenical Temple
  5418 | D:7      | Found Edwobrug's Weapon Shop.
  5588 | D:7      | Noticed Duvessa
  5589 | D:7      | Noticed Dowan
  5602 | D:7      | Killed Duvessa
  5621 | D:7      | Killed Dowan
  6106 | D:8      | Noticed a two-headed ogre
  6108 | D:8      | Killed a two-headed ogre
  6108 | D:8      | Reached skill level 10 in Short Blades
  6108 | D:8      | Reached XP level 10. HP: 63/63 MP: 13/13
  6214 | D:8      | Reached skill level 11 in Stealth
  6229 | D:8      | Noticed a two-headed ogre
  6267 | D:8      | Killed a two-headed ogre
  6523 | D:8      | Noticed Joseph
  6552 | D:8      | Killed Joseph
  6726 | D:8      | Noticed Maurice
  6738 | D:8      | Killed Maurice
  6972 | D:8      | Reached skill level 12 in Stealth
  7419 | D:8      | Reached skill level 15 in Hexes
  7469 | D:8      | Noticed a three-headed hydra
  7477 | D:8      | Killed a three-headed hydra
  7477 | D:8      | Reached XP level 11. HP: 27/68 MP: 14/14
  7794 | D:9      | Found a shimmering blue altar of Sif Muna.
  7798 | D:9      | Became a worshipper of Sif Muna the Loreminder
  7804 | D:9      | Found a basalt altar of Yredelemnul.
  7807 | D:9      | Found a sacrificial altar of Ru.
  7810 | D:9      | Found a shimmering altar of Xom.
  8206 | D:9      | Found a radiant altar of Vehumet.
  8545 | D:9      | Found Puufoff's Gadget Shop.
  8663 | D:9      | Found a sparkling altar of Nemelex Xobeh.
  8812 | D:10     | Entered Level 10 of the Dungeon
  8850 | D:10     | Noticed a two-headed ogre
  8959 | D:9      | Reached skill level 13 in Stealth
  9067 | D:10     | Reached skill level 1 in Fighting
  9082 | D:10     | Reached * piety under Sif Muna
  9588 | D:10     | Found a staircase to the Lair.
  9614 | D:10     | Reached ** piety under Sif Muna
  9803 | D:10     | Killed a two-headed ogre
  9895 | D:10     | Got a twisted robe
  9906 | D:10     | Identified the +0 robe of Suplaluib {Str+2 Dex+3} (You
                  | found it on level 10 of the Dungeon)
  9942 | D:10     | Found Boyma's Food Boutique.
 10163 | D:7      | Bought the amulet of the Four Winds {rN+ MR+++ Clar} for
                  | 526 gold pieces
 10163 | D:7      | Found the amulet of the Four Winds {rN+ MR+++ Clar}
 10254 | Lair:1   | Entered Level 1 of the Lair of Beasts
 10899 | Lair:1   | Found a dark tunnel.
 10906 | Volcano  | Entered a volcano
 11096 | Volcano  | Reached skill level 14 in Stealth
 11252 | Volcano  | Found a burning altar of Makhleb.
 11252 | Volcano  | Noticed a hell hog
 11266 | Volcano  | Killed a hell hog
 11266 | Volcano  | Reached skill level 5 in Fighting
 11346 | Volcano  | Noticed a fire crab
 11349 | Volcano  | Killed a fire crab
 11349 | Volcano  | Reached XP level 12. HP: 87/87 MP: 15/15
 11971 | Lair:2   | Found a hole to the Spider Nest.
 12224 | Lair:2   | Reached *** piety under Sif Muna
 12334 | Lair:2   | Reached skill level 1 in Invocations
 12433 | Lair:2   | Reached skill level 15 in Stealth
 13049 | Lair:3   | You fall into a shaft and drop 3 floors!
 13049 | Lair:6   | Entered Level 6 of the Lair of Beasts
 13147 | Lair:4   | Reached skill level 5 in Dodging
 13425 | Lair:3   | Found a staircase to the Swamp.
 14251 | Lair:3   | Reached **** piety under Sif Muna
 14580 | Lair:4   | Reached XP level 13. HP: 95/99 MP: 3/16
 15006 | Lair:3   | Got a scorched tin ring
 15031 | Lair:3   | Identified the ring "Bykalegh" {Ice rElec} (You found it on
                  | level 3 of the Lair of Beasts)
 15633 | Lair:5   | Reached skill level 5 in Invocations
 15854 | Lair:5   | Noticed Rupert
 16119 | Lair:5   | Reached XP level 14. HP: 108/108 MP: 16/18
 16620 | Lair:6   | Learned a level 5 spell: Summon Mana Viper
 16702 | Lair:6   | Found a viscous altar of Jiyva.
 16702 | Lair:6   | Found a staircase to the Slime Pits.
 17011 | Lair:6   | Reached skill level 10 in Fighting
 17231 | Lair:6   | Reached skill level 1 in Summonings
 17649 | Lair:6   | Reached skill level 10 in Dodging
 17751 | Lair:6   | Got a flickering crystal amulet
 18160 | Lair:6   | Reached ***** piety under Sif Muna
 18162 | Lair:6   | Found a large runed translucent door.
 18181 | Lair:6   | Identified Sif Muna's Volume of Enchanting Stones (Sif Muna
                  | gifted it to you on level 6 of the Lair of Beasts)
 18181 | Lair:6   | Received a gift from Sif Muna
 18369 | Lair:6   | Found a large runed translucent door.
 18892 | Lair:6   | Got a dazzling rapier
 18893 | Lair:6   | Identified the cursed +1 rapier of Pugehasuarph {drain, rF-
                  | rC+ rN+ Str+2} (You found it on level 6 of the Lair of
                  | Beasts)
 19183 | D:11     | Found a snail-covered altar of Cheibriados.
 19369 | D:11     | Reached skill level 5 in Summonings
 20415 | D:12     | Found a staircase to the Orcish Mines.
 20459 | D:12     | Reached XP level 15. HP: 104/114 MP: 20/22
 20902 | Orc:1    | Entered Level 1 of the Orcish Mines
 20904 | Orc:1    | Found a roughly hewn altar of Beogh.
 21501 | Orc:2    | Entered Level 2 of the Orcish Mines
 21625 | Orc:2    | Found Osetafua's Gadget Shoppe.
 21625 | Orc:2    | Found Esch's Armour Emporium.
 21625 | Orc:2    | Found Pixzukud's Magic Scroll Shoppe.
 21798 | Orc:1    | Reached skill level 10 in Invocations
 21804 | Orc:1    | Identified Doaf's Catalogue of Destructive Companions (Sif
                  | Muna gifted it to you on level 1 of the Orcish Mines)
 21804 | Orc:1    | Received a gift from Sif Muna
 22106 | Orc:2    | Found a staircase to the Elven Halls.
 22651 | Orc:2    | Found Jadah's Antique Weapon Boutique.
 22665 | Orc:2    | Bought a scroll of acquirement for 676 gold pieces
 23284 | D:13     | Found a flagged portal.
 23303 | D:13     | Found a gate leading to a gauntlet.
 23310 | Gauntlet | Entered a Gauntlet
 23310 | Gauntlet | Found a transporter.
 23310 | Gauntlet | Found a transporter.
 23314 | Gauntlet | Found a transporter.
 23314 | Gauntlet | Found a transporter.
 23334 | Gauntlet | Found a transporter.
 23344 | Gauntlet | Found a transporter.
 23344 | Gauntlet | Found a transporter.
 23345 | Gauntlet | Identified the amulet "Viyluced" {Spirit +Inv Dex+4} (You
                  | found it on level 6 of the Lair of Beasts)
 23369 | Gauntlet | Found a transporter.
 23369 | Gauntlet | Identified the ring "Wauras" {rF+ Int+3}
 23378 | Gauntlet | Found a transporter.
 23392 | Gauntlet | Found a transporter.
 23414 | Gauntlet | Found a transporter.
 23450 | Gauntlet | Found a transporter.
 23464 | Gauntlet | Found a transporter.
 23557 | Gauntlet | Found a transporter.
 23567 | Gauntlet | Found a transporter.
 23583 | Gauntlet | Found a transporter.
 23730 | Gauntlet | Identified a +1 pair of boots of running (You found it in a
                  | Gauntlet)
 23823 | Gauntlet | Got a brightly glowing granite ring
 23828 | Gauntlet | Got a wavering lapis lazuli ring
 23832 | Gauntlet | Identified the ring "Zoopow" {rC+ Dex+4} (You found it in a
                  | Gauntlet)
 23880 | Gauntlet | HP: 8/172 [minotaur/+6 triple sword of holy wrath (9)]
 24361 | D:13     | Learned a level 4 spell: Summon Lightning Spire
 24370 | D:13     | You fall into a shaft and drop 1 floor!
 24432 | D:14     | Found a flagged portal.
 24459 | Bailey   | Entered a bailey
 24730 | Bailey   | Found a bloodstained altar of Trog.
 25113 | D:14     | Noticed Azrael
 25114 | D:14     | Found a white marble altar of Elyvilon.
 25138 | D:14     | Killed Azrael
 25139 | D:14     | Identified Sif Muna's Tome of the Oath (Sif Muna gifted it
                  | to you on level 14 of the Dungeon)
 25139 | D:14     | Received a gift from Sif Muna
 26880 | D:14     | Reached skill level 10 in Summonings
 27121 | D:14     | Found an ornate altar of the Wu Jian Council.
 27183 | D:14     | Found a gate to the Vaults.
 27389 | D:15     | Entered Level 15 of the Dungeon
 27722 | D:15     | Reached XP level 16. HP: 122/122 MP: 24/24
 27761 | D:15     | Found a staircase to the Depths.
 28043 | D:15     | Paralysed by a hornet for 2 turns
 28145 | D:15     | Reached skill level 5 in Spellcasting
 28158 | D:15     | Identified Sif Muna's Reference Book on Summoning (Sif Muna
                  | gifted it to you on level 15 of the Dungeon)
 28158 | D:15     | Received a gift from Sif Muna
 28280 | D:15     | Learned a level 8 spell: Discord
 28328 | D:15     | Found Hokierph's Assorted Antiques.
 28385 | D:15     | Identified the ring "Qyfrur" {+Inv rElec rC+ Int+3 Slay-3}
                  | (You found it in a Gauntlet)
 28464 | D:15     | Noticed Josephine
 28480 | D:15     | Killed Josephine
 28983 | D:15     | Found an ancient bone altar of Kikubaaqudgha.
 29288 | Spider:1 | Entered Level 1 of the Spider Nest
 30118 | Spider:1 | Noticed Donald
 30120 | Spider:1 | Reached XP level 17. HP: 128/128 MP: 26/26
 30130 | Spider:1 | Killed Donald
 30142 | Spider:1 | Reached skill level 5 in Evocations
 30625 | Spider:1 | Noticed Aizul
 30670 | Spider:1 | Killed Aizul
 31269 | Spider:1 | Identified Fiewyu's Compendium of the Glacier and
                  | Orientation (Sif Muna gifted it to you on level 1 of the
                  | Spider Nest)
 31269 | Spider:1 | Received a gift from Sif Muna
 31621 | Spider:2 | Learned a level 2 spell: Blink
 31623 | Spider:2 | Learned a level 1 spell: Summon Butterflies
 32411 | Spider:3 | Noticed Arachne
 32445 | Spider:3 | Killed Arachne
 32977 | Spider:3 | Reached skill level 16 in Stealth
 32999 | Spider:3 | Noticed Asterion
 33040 | Spider:3 | Killed Asterion
 33056 | Spider:3 | Got a crude dagger
 33057 | Spider:3 | Identified the +7 dagger of Unreason {flame, *Slow rN+++
                  | Str+7} (You found it on level 3 of the Spider Nest)
 34260 | Swamp:1  | Entered Level 1 of the Swamp
 34440 | Swamp:1  | Received a gift from Sif Muna
 34681 | Swamp:1  | Reached XP level 18. HP: 96/134 MP: 21/27
 36107 | Swamp:2  | Reached skill level 1 in Translocations
 37528 | Swamp:3  | Identified Pucw's Disquisition on Entrancing Confrontation
                  | (Sif Muna gifted it to you on level 3 of the Swamp)
 37528 | Swamp:3  | Received a gift from Sif Muna
 38225 | Swamp:4  | Entered Level 4 of the Swamp
 38993 | Swamp:4  | Reached skill level 17 in Stealth
 39275 | Swamp:4  | Reached skill level 1 in Maces & Flails
 40273 | Swamp:4  | HP: 4/134 [seven-headed hydra simulacrum (5)]
 40273 | Swamp:4  | Slain by a seven-headed hydra simulacrum

Levels and vault maps discovered:
D:1:      dpeg_arrival_circle_labyrinth_a, layout_basic
D:2:      layout_loops_cross
D:3:      layout_basic, st_stairs_7, minmay_crystal_room
D:4:      layout_loops_corners, grunt_temple_overflow_forces_of_nature,
          first_ration, serial_shops, nicolae_shop_waterfront
D:5:      layout_rooms, kennysheep_mini_moat, tso_altar, minmay_manual_maat
D:6:      cheibrodos_thug_alley, layout_rooms, lightli_temple_of_fire,
          serial_shops, shop_fountains, chequers_serial_rivers_micro_a,
          trog_wizard, uniq_eustachio, uniq_prince_ribbit1
D:7:      layout_basic, old_standard_altar, minmay_temple_entry_mini_moons,
          serial_shops, kennysheep_mini, nicolae_shop_trees, shop_statue,
          nicolae_shop_window_shopping, uniq_duvessa
D:8:      layout_gridville, hangedman_ranch [blue_anna_fruit_fields],
          uniq_maurice, uniq_joseph
D:9:      layout_loops_corners, nemelex_xobeh_ov_fountains_minmay,
          old_standard_altar, grunt_temple_overflow_cloverleaf, serial_ice,
          serial_ice_d, serial_ice_h, serial_ice_k, serial_ice_n, serial_shops,
          shop, kennysheep_generic_room_14
D:10:     layout_cave_pools, erik_lair_island, serial_shops,
          nicolae_shop_crystal, item_on_display_a
D:11:     layout_basic, basic_altar
D:12:     layout_long_grid, kennysheep_orc_monster_closet_entryway,
          kennysheep_generic_room_5
D:13:     layout_roguey [special_room_orc], gauntlet_entry_generic,
          enter_bailey_2
D:14:     layout_stronghold, ximxim_vaults_locker_room, basic_altar,
          serial_bayou_ford_a, enter_bailey_7, david_defended_altar_elf,
          uniq_azrael
D:15:     gammafunk_depths_entry_grave, layout_irregular_city, basic_altar,
          serial_shops, shop, lemuel_flamethrower_3, uniq_josephine
Temple:   eino_wide_crystal_templ
Lair:1:   layout_cave_pods, enter_volcano_3
Lair:2:   layout_misc_corridors, spider_nest_entry_a
Lair:3:   layout_regular_city, nicolae_swamp_entry_splash_gauntlet,
          st_stairs_10, ice2_lemuel
Lair:4:   layout_small_grid
Lair:5:   layout_cave_pods, uniq_rupert
Lair:6:   cheibrodos_lair_end_hotspot, layout_long_grid,
          dpeg_slime_entry_enclosed_altar, hangedman_lair_generics_rect
Swamp:1:  layout_basic_swamp, evilmike_swamp_ruin_house_5,
          infiniplex_staircase_pool
Swamp:2:  layout_falls_marsh, hangedman_swamp_pad
Swamp:3:  layout_basic_swamp, serial_swamp_ruin, evilmike_swamp_ruin_rubble_2,
          evilmike_swamp_ruin_house_4, evilmike_swamp_ruin_house_6
Swamp:4:  swamp_icy, layout_basic_swamp
Spider:1: layout_spider_delve, spiders_nest_hornet_nest, uniq_aizul, uniq_donald
Spider:2: layout_spider_delve, drop_trap
Spider:3: layout_chambers, uniq_asterion, uniq_arachne
Orc:1:    layout_diamond_mine, basic_altar
Orc:2:    st_orc_open, layout_caves

Skill      XL: |  1  2  3  4  5  6  7  8  9 10 11 12 13 14 15 16 17 18 |
---------------+-------------------------------------------------------+-----
Hexes          | 5 6 7 8 9 11 13 15 16 | 16.9
Short Blades   | 2 3 4 5 6 8 10 11 12 | 12.0
Stealth        | 5 6 7 9 10 12 14 15 16 17 | 17.2
Fighting       | 5 8 9 10 | 10.0
Dodging        | 6 8 10 12 13 | 13.2
Invocations    | 4 6 9 11 12 | 12.0
Summonings     | 6 10 | 10.6
Spellcasting   | 4 6 8 |  8.2
Evocations     | 4 7 8 |  8.0
Translocations | 3 |  3.0
Maces & Flails | 2 |  2.4

Action                   |  1- 3 |  4- 6 |  7- 9 | 10-12 | 13-15 | 16-18 || total
-------------------------+-------+-------+-------+-------+-------+-------++-------
Melee: Dagger            |    87 |    76 |   307 |       |       |       ||   470
       Bite              |    11 |    11 |    45 |    74 |   190 |   101 ||   432
       Scimitar          |    50 |    29 |       |       |       |       ||    79
       Short sword       |       |       |    93 |   824 |  1502 |  1266 ||  3685
       Demon whip        |       |       |       |       |       |    71 ||    71
Throw: Dart              |     8 |    20 |       |    74 |    21 |    75 ||   198
       Throwing net      |       |       |       |       |     2 |       ||     2
 Cast: Ensorcelled Hiber |     3 |     8 |    39 |   125 |   145 |   195 ||   515
       Confuse           |       |     2 |     8 |    40 |    88 |    94 ||   232
       Tukima's Dance    |       |       |     3 |     9 |    34 |     3 ||    49
       Discord           |       |       |       |       |     1 |       ||     1
       Summon Lightning  |       |       |       |       |       |    10 ||    10
       Summon Mana Viper |       |       |       |       |       |     2 ||     2
       Blink             |       |       |       |       |       |     1 ||     1
Invok: Channel Magic     |       |       |       |       |     3 |       ||     3
       Divine Exegesis   |       |       |       |       |     1 |       ||     1
 Abil: Evoke Invisibilit |       |       |       |       |       |    11 ||    11
Evoke: Wand              |       |       |       |     6 |     5 |     6 ||    17
  Use: Scroll            |     5 |     6 |     3 |    10 |    17 |    14 ||    55
       Potion            |     1 |       |       |     1 |     6 |     6 ||    14
 Stab: Sleeping          |     6 |    10 |    31 |   105 |   123 |   145 ||   420
       Distracted        |     1 |       |       |     4 |     4 |     4 ||    13
       Confused          |       |     3 |     9 |    26 |    58 |    65 ||   161
       Paralysed         |       |       |       |     1 |       |       ||     1
       Held in net/web   |       |       |       |       |     2 |       ||     2
       Invisible         |       |       |       |       |       |    42 ||    42
Armor: Robe              |    32 |    14 |    64 |    51 |       |       ||   161
       Troll leather arm |       |       |       |    34 |       |       ||    34
       Leather armour    |       |       |       |    59 |   228 |   343 ||   630
Dodge: Dodged            |   101 |    76 |   215 |   428 |  1097 |  1090 ||  3007
       Rpst.: Scimitar   |    15 |     7 |       |       |       |       ||    22

Table legend:
 A = Non-vault XP
 B = Vault XP
 C = Vault XP percentage of total XP
 D = Non-vault monster count
 E = Vault monster count
 F = Vault count percentage of total count
                 A         B        C        D         E       F
            +---------+---------+-------+---------+---------+-------
      Total |  172662 |   73937 |  30.0 |     720 |     285 |  28.4
            +---------+---------+-------+---------+---------+-------
        D:1 |      25 |       0 |   0.0 |      16 |       0 |   0.0
        D:2 |      29 |       0 |   0.0 |      11 |       0 |   0.0
        D:3 |     139 |      16 |  10.3 |      16 |       2 |  11.1
        D:4 |     384 |       0 |   0.0 |      11 |       0 |   0.0
        D:5 |     511 |     602 |  54.1 |      12 |       5 |  29.4
        D:6 |     726 |     588 |  44.7 |      17 |      11 |  39.3
        D:7 |    1452 |     206 |  12.4 |      22 |       2 |   8.3
        D:8 |    3264 |    3091 |  48.6 |      40 |      10 |  20.0
        D:9 |    1470 |     270 |  15.5 |      16 |       4 |  20.0
       D:10 |    4194 |     619 |  12.9 |      43 |       7 |  14.0
       D:11 |    4019 |       0 |   0.0 |      22 |       0 |   0.0
       D:12 |    5056 |    1618 |  24.2 |      17 |      22 |  56.4
       D:13 |    6247 |     592 |   8.7 |      20 |      27 |  57.4
       D:14 |   10021 |    5487 |  35.4 |      26 |      22 |  45.8
       D:15 |   16756 |    5435 |  24.5 |      49 |      11 |  18.3
     Lair:1 |    1445 |     287 |  16.6 |       6 |       2 |  25.0
     Lair:2 |    8745 |     855 |   8.9 |      32 |       3 |   8.6
     Lair:3 |    4364 |    3573 |  45.0 |      24 |      18 |  42.9
     Lair:4 |    3251 |       0 |   0.0 |      11 |       0 |   0.0
     Lair:5 |    4978 |       0 |   0.0 |      16 |       0 |   0.0
     Lair:6 |    9212 |   13035 |  58.6 |      30 |      36 |  54.5
    Swamp:1 |   10115 |       0 |   0.0 |      21 |       0 |   0.0
    Swamp:2 |   13196 |       0 |   0.0 |      43 |       0 |   0.0
    Swamp:3 |   11650 |       0 |   0.0 |      35 |       0 |   0.0
    Swamp:4 |   15816 |    4752 |  23.1 |      38 |      22 |  36.7
   Spider:1 |    7640 |    3484 |  31.3 |      23 |       2 |   8.0
   Spider:2 |   11087 |       0 |   0.0 |      31 |       0 |   0.0
   Spider:3 |   12938 |    6194 |  32.4 |      36 |       2 |   5.3
      Orc:1 |    2399 |    7061 |  74.6 |      14 |      20 |  58.8
      Orc:2 |    1533 |    7232 |  82.5 |      22 |      17 |  43.6
     Bailey |       0 |     722 | 100.0 |       0 |      16 | 100.0
    Volcano |       0 |    3790 | 100.0 |       0 |      13 | 100.0
   Gauntlet |       0 |    4428 | 100.0 |       0 |      11 | 100.0
            +---------+---------+-------+---------+---------+-------
